 Dungeon Crawl Stone Soup version 0.19-a0-1065-gdac414d (webtiles) character file.

13036 4thArraOfDagon the Carver (level 11, -11/78 HPs)
             Began as a Vampire Gladiator on Aug 3, 2016.
             Was a High Priest of Okawaru.
             Mangled by a minotaur
             ... wielding a +3 rod of ignition (13/13)
              (14 damage)
             ... in a labyrinth.
             The game lasted 00:33:46 (5588 turns).

4thArraOfDagon the Carver (Vampire Gladiator)       Turns: 5588, Time: 00:33:46

Health: -11/78     AC:  4    Str: 14    XL:     11   Next: 70%
Magic:  13/16      EV: 19    Int: 14    God:    Okawaru [*****.]
Gold:   905        SH:  0    Dex: 15    Spells: 2 memorised, 8 levels left

rFire  . . .     SeeInvis +     w - +3 scimitar (flame)
rCold  . . .     Gourm    .     q - troll hide
rNeg   . . .     Faith    .     (no shield)
rPois  +         Spirit   .     (helmet restricted)
rElec  .         Dismiss  .     i - +1 cloak
rCorr  .         Reflect  .     (no gloves)
SustAt .         Harm     .     (no boots)
MR     +....                    (no amulet)
Stlth  +++.......               (no ring)
                                (no ring)

@: heroism, regenerating very quickly, hasted, very quick
A: fangs 3, horns 1, see invisible, poison resistance, screaming 1, unbreathing
a: Heroism, Finesse, Renounce Religion


You were in a labyrinth.
You worshipped Okawaru.
Okawaru was extremely pleased with you.
You were almost alive.

You visited 2 branches of the dungeon, and saw 15 of its levels.
You also visited: Labyrinth.

You collected 982 gold pieces.
You spent 77 gold pieces at shops.

Inventory:

Hand Weapons
 a - a +1 long sword
 r - a +0 great sword
 t - a +0 scimitar
 w - a +3 scimitar of flaming (weapon)
 C - the +9 rapier "Fithiaca" {pierce, *Confuse Str+4}
   (You found it on level 8 of the Dungeon)

   It inflicts extra damage upon your enemies.
   It affects your strength (+4).
   It may confuse you when you take damage.
Armour
 b - a +0 leather armour
 c - a +0 helmet
 e - a +1 ring mail of magic resistance
 i - a +1 cloak (worn)
 j - a +0 ring mail
 o - a +0 plate armour
 q - a troll hide (worn)
 s - the +1 robe of the Poles {rCorr Str+3}
   (You found it on level 12 of the Dungeon)

   It affects your strength (+3).
   It protects you from acid and corrosion.
Jewellery
 h - an uncursed amulet of guardian spirit
Wands
 p - a wand of digging (4/24)
 x - a wand of iceblast (3/15)
 y - a wand of flame (14/48)
Scrolls
 k - 2 scrolls of immolation
 l - 2 scrolls of teleportation
 m - a scroll of noise
 v - a scroll of recharging
 D - a scroll of identify
 E - a scroll of enchant weapon
 F - a scroll of remove curse
 G - a scroll of fear
Potions
 d - a potion of flight
 f - a potion of curing
 g - 13 potions of blood
 n - a potion of degeneration
 u - a potion of might
 z - a potion of brilliance
 A - a potion of haste
 B - a potion of agility


   Skills:
 + Level 4.5(9.5) Fighting
 * Level 13.3(18.3) Long Blades
 - Level 1.5(6.5) Throwing
 + Level 1.2(6.2) Armour
 + Level 6.1(11.1) Dodging
 + Level 2.2 Spellcasting
 * Level 6.0 Hexes
 * Level 4.6 Charms
 * Level 4.4 Necromancy
 - Level 7.4 Invocations


You had 8 spell levels left.
You knew the following spells:

 Your Spells              Type           Power        Failure   Level  Hunger
a - Spectral Weapon       Hex/Chrm       ###.....     12%         3    ###....
b - Regeneration          Chrm/Necr      ##........   14%         3    ###....


Dungeon Overview and Level Annotations

Branches:
Dungeon (13/15)            Temple (0/1) D:4            Lair (0/6) D:9
    Orc (2/2) D:11            Elf (0/3) Orc:2
 Vaults: D:13-14

Altars:
Ashenzari
Dithmenos
Nemelex Xobeh
Okawaru
Pakellas
Ru
Trog
Vehumet

Shops:
D:4 =   D:10 (   D:11 *   Orc:2 *

Annotations:
D:2 Sigmund
D:4 4thArraOfDagon's ghost, weakling NaEE
D:5 Dowan
D:7 ilikecats's ghost, novice HESk
D:10 Nergalle
Orc:1 4thArraOfDagon's ghost, journeyman DgWn


Innate Abilities, Weirdness & Mutations

Your natural rate of healing is extremely fast.
You have razor-sharp teeth.
You have supernaturally acute eyesight. (SInv)
You can survive without breathing.
You have a pair of small horns on your head.
Your system is resistant to poisons. (rPois)
You occasionally shout uncontrollably at your foes.


Message History

The minotaur gores you.
* * * LOW HITPOINT WARNING * * *
Unknown command.
Your hands slow down.
Press: ? - help, v - describe, . - travel
Here: a minotaur, wielding a rod of ignition and wearing a slimy lead ring The floor.
Unknown command.
Okay, then.
Unknown command.
Okay, then.
Evoke which item? (* to show all) (? for menu, Esc to quit)
Okay, then.
Unknown command.
You feel yourself speed up.
The minotaur hits you with a rod of ignition!!
* * * LOW HITPOINT WARNING * * *
The minotaur barely misses you.
The minotaur hits you with a rod of ignition!
You die...

.. .## # .. #.#### .
.....#.# #
######.#..##.#.###
#..........@.......
#
##..#######H#..#####
#. ..#. ...#.#..# .
#.#.###.#.#..# # #
#.# #.#.#..# # . .#
#.#.#.##. # .#. #
#.#.... #. #.
..#.#.. # .. #..#
#####.# #


You could see a minotaur.

Vanquished Creatures
  Erolcha (D:10)
  Erica (D:9)
  An orc high priest (Orc:1)
  Urug (D:11)
  An unseen horror (D:11)
  A hill giant (D:11)
  A manticore (D:12)
  A cyclops (D:9)
  Joseph (D:9)
  Maurice (D:9)
  A spiny frog (D:9)
  A troll (D:10)
  Prince Ribbit (D:9)
  A hungry ghost (D:12)
  8 yaks
  2 hippogriffs
  A water moccasin (D:8)
  A sky beast (D:10)
  A phantom (D:12)
  2 black bears
  9 orc warriors
  2 ice beasts
  A necrophage (D:10)
  10 ogres
  2 centaurs
  A crocodile (D:12)
  11 giant frogs
  3 scorpions (D:10)
  10 killer bees
  10 wights
  2 howler monkeys
  A crimson imp (D:9)
  2 electric eels (D:9)
  3 centaur zombies
  A wasp zombie (D:8)
  2 centaur skeletons
  2 hounds
  5 orc priests
  A jelly (D:9)
  7 orc wizards
  A giant frog skeleton (D:4)
  2 iguanas
  Natasha (thrice) (D:2)
  7 worker ants
  A howler monkey skeleton (D:10)
  13 adders
  8 gnolls
  A shadow imp (D:12)
  An ooze (D:1)
  An adder skeleton (D:4)
  An adder zombie (D:10)
  A worm (D:4)
  3 dart slugs (D:1)
  6 giant geckos
  22 orcs
  4 giant cockroaches (D:2)
  3 hobgoblins
  10 jackals
  3 quokkas
  A ball python (D:1)
  4 bats
  5 giant newts
  A goblin (D:1)
  8 kobolds
  4 rats
228 creatures vanquished.

Vanquished Creatures (others)
  A troll (D:3)
  A jackal (D:5)
2 creatures vanquished.

Grand Total: 230 creatures vanquished

Notes
Turn   | Place    | Note
-------+----------+-------------------------------------------
     0 | D:1      | 4thArraOfDagon the Vampire Gladiator began the quest for the Orb.
     0 | D:1      | Reached XP level 1. HP: 16/16 MP: 1/1
    72 | D:1      | Reached XP level 2. HP: 22/22 MP: 2/2
   241 | D:2      | Noticed Natasha
   269 | D:2      | Killed Natasha
   269 | D:2      | Reached skill level 4 in Long Blades
   269 | D:2      | Reached XP level 3. HP: 7/27 MP: 3/3
   293 | D:2      | Noticed Natasha
   307 | D:2      | Killed Natasha
   307 | D:2      | Reached XP level 4. HP: 20/33 MP: 4/4
   340 | D:2      | Noticed Natasha
   360 | D:2      | Killed Natasha
   580 | D:2      | Noticed Sigmund
   614 | D:3      | Killed a troll
   655 | D:3      | Found an iron altar of Okawaru.
   667 | D:3      | Became a worshipper of Warmaster Okawaru
   880 | D:3      | Found an oddly glowing altar of Pakellas.
   880 | D:3      | Noticed an orange crystal statue
   937 | D:4      | Found Kutunoit's Jewellery Emporium.
  1034 | D:5      | Entered Level 5 of the Dungeon
  1034 | D:5      | Noticed a centaur
  1037 | D:4      | Reached XP level 5. HP: 37/38 MP: 5/5
  1070 | D:4      | Reached skill level 5 in Long Blades
  1105 | D:4      | Found a staircase to the Ecumenical Temple.
  1276 | D:4      | Reached skill level 5 in Dodging
  1339 | D:4      | Noticed 4thArraOfDagon's ghost (weakling NaEE)
  1351 | D:5      | Reached XP level 6. HP: 34/44 MP: 6/6
  1357 | D:5      | Noticed Dowan
  1360 | D:5      | You fall through a shaft for 3 floors!
  1360 | D:8      | Found a shadowy altar of Dithmenos.
  1393 | D:7      | Reached * piety under Okawaru
  1393 | D:7      | Reached skill level 6 in Long Blades
  1412 | D:7      | Noticed an orc warrior
  1430 | D:6      | You fall through a shaft!
  1509 | D:7      | Killed an orc warrior
  1509 | D:7      | Reached XP level 7. HP: 43/49 MP: 4/7
  1515 | D:7      | Reached skill level 7 in Long Blades
  1515 | D:7      | Reached skill level 1 in Invocations
  1517 | D:7      | Reached ** piety under Okawaru
  1536 | D:7      | Found a bloodstained altar of Trog.
  1570 | D:7      | Noticed ilikecats's ghost (novice HESk)
  1685 | D:6      | Found a sparkling altar of Nemelex Xobeh.
  1712 | D:6      | Reached skill level 8 in Long Blades
  1840 | D:6      | Reached XP level 8. HP: 46/55 MP: 7/10
  2090 | D:8      | Reached skill level 9 in Long Blades
  2093 | D:8      | Gained mutation: You occasionally shout uncontrollably at your foes. [potion of mutation]
  2093 | D:8      | Gained mutation: You have a pair of small horns on your head. [potion of mutation]
  2093 | D:8      | Gained mutation: Your system is resistant to poisons. (rPois) [potion of mutation]
  2322 | D:10     | Entered Level 10 of the Dungeon
  2322 | D:10     | Noticed a troll
  2341 | D:10     | Killed a troll
  2341 | D:10     | Reached skill level 10 in Long Blades
  2346 | D:10     | Reached *** piety under Okawaru
  2346 | D:10     | Reached XP level 9. HP: 5/61 MP: 10/12
  2434 | D:11     | Noticed a hill giant
  2460 | D:11     | Noticed a hill giant
  2479 | D:12     | Reached skill level 5 in Invocations
  2611 | D:12     | Reached skill level 11 in Long Blades
  2627 | D:12     | Reached **** piety under Okawaru
  2707 | D:12     | Noticed a manticore
  2717 | D:12     | Killed a manticore
  2728 | D:12     | Got a tattered robe
  2747 | D:13     | Noticed a gargoyle
  2867 | D:11     | Reached skill level 12 in Long Blades
  2875 | D:11     | Reached XP level 10. HP: 53/67 MP: 14/14
  2970 | D:10     | Noticed Erolcha
  2983 | D:10     | Killed Erolcha
  3080 | D:9      | Reached ***** piety under Okawaru
  3104 | D:9      | Noticed Erica
  3120 | D:9      | Killed Erica
  3162 | D:9      | Learned a level 3 spell: Spectral Weapon
  3166 | D:9      | Learned a level 3 spell: Regeneration
  3254 | D:9      | Received a gift from Okawaru
  3346 | D:9      | Reached skill level 1 in Hexes
  3380 | D:9      | Noticed a cyclops
  3393 | D:9      | Killed a cyclops
  3393 | D:9      | Reached skill level 1 in Charms
  3393 | D:9      | Reached skill level 1 in Necromancy
  3486 | D:9      | Found a shattered altar of Ashenzari.
  3489 | D:9      | Noticed Joseph
  3493 | D:9      | Noticed Prince Ribbit
  3505 | D:9      | Killed Prince Ribbit
  3629 | D:9      | Found a staircase to the Lair.
  3629 | D:9      | Noticed a spiny frog
  3629 | D:9      | Noticed Maurice
  3685 | D:8      | Got a transparent rapier
  3689 | D:8      | Identified the +9 rapier "Fithiaca" {pierce, *Confuse Str+4} (You found it on level 8 of the Dungeon)
  3724 | D:8      | Found a sacrificial altar of Ru.
  3763 | D:9      | Killed Joseph
  3763 | D:9      | Reached skill level 13 in Long Blades
  3763 | D:9      | Reached skill level 1 in Spellcasting
  3796 | D:9      | Killed a spiny frog
  3796 | D:9      | Reached XP level 11. HP: 28/76 MP: 13/16
  3840 | D:9      | Killed Maurice
  3845 | D:9      | Identified the +1 robe of the Poles {rCorr Str+3} (You found it on level 12 of the Dungeon)
  3900 | D:10     | Noticed Nergalle
  3938 | D:10     | Noticed a fire crab
  3960 | D:10     | Found Zippab's Weapon Boutique.
  4253 | D:11     | Noticed Urug
  4297 | D:11     | Killed Urug
  4336 | D:11     | Found Suiriwu's General Store.
  4358 | D:11     | Bought a scroll of identify for 28 gold pieces
  4358 | D:11     | Bought a scroll of magic mapping for 49 gold pieces
  4428 | D:11     | Found a staircase to the Orcish Mines.
  4428 | D:11     | Noticed an unseen horror
  4444 | D:11     | Killed an unseen horror
  4444 | D:11     | Reached skill level 5 in Hexes
  4527 | D:11     | Killed a hill giant
  4527 | D:11     | Reached skill level 1 in Armour
  4535 | Orc:1    | Entered Level 1 of the Orcish Mines
  4547 | Orc:1    | Noticed an orc high priest
  4577 | Orc:1    | Killed an orc high priest
  4643 | Orc:1    | Received a gift from Okawaru
  4816 | Orc:1    | Noticed 4thArraOfDagon's ghost (journeyman DgWn)
  4831 | Orc:1    | Found a radiant altar of Vehumet.
  4944 | Orc:2    | Entered Level 2 of the Orcish Mines
  4944 | Orc:2    | Found Karph's Off-Brand Ammunition.
  5028 | Orc:2    | Found a staircase to the Elven Halls.
  5117 | Orc:2    | Found a labyrinth entrance.
  5128 | Lab      | Entered a labyrinth
  5483 | Lab      | FAIl
  5557 | Lab      | Noticed a minotaur
  5588 | Lab      | HP: 3/78 [minotaur/rod of ignition (32)]
  5588 | Lab      | Identified a +3 rod of ignition (13/13)
  5588 | Lab      | Mangled by a minotaur

Vault maps used:
D:1:      lightli_arrival_flooded_house, minmay_split_cup_small
D:2:      minmay_roachtagon, lemuel_blue_sif_altar, uniq_natasha, uniq_sigmund
D:3:      kennysheep_slug_shrine, lemuel_doored_altar,
          gammafunk_pakellas_statue_experiment, uniq_grinder
D:4:      minmay_diamond_boxcup, serial_shops, shop, first_bread
D:5:      marbit_many_paths, kennysheep_mini, uniq_eustachio, uniq_duvessa
D:6:      minmay_opposing_rooms, tso_oasis_becter, lemuel_crystal_altar,
          nemelex_xobeh_ov_fountains_minmay
D:7:      kennysheep_orc_sif_temple, kennysheep_little_box, serial_shops,
          shop_statue
D:8:      nicolae_ru_the_path_less_chosen, nicolae_dithmenos_shadow_blocks
D:9:      ashenzari_altar_1, dpeg_lair_monsters, lightli_minifort, uniq_maurice,
          uniq_joseph, uniq_prince_ribbit1, uniq_erica
D:10:     serial_shops, nicolae_shop_stone, uniq_nergalle, uniq_erolcha
D:11:     david_orc_2, serial_shops, nicolae_shop_statue_plus, uniq_urug
D:12:     grunt_pizzeria
D:13:     grunt_vaults_entry_fortified, minmay_guarded_unrand_resistance
Orc:1:    basic_altar, okawaru_metal_pillars_1_2
Orc:2:    grunt_orc_cross, lab_entry_generic, basic_altar, nicolae_offbrand_ammo
Lab:      labyrinth_spiral

Skill      XL: |  1  2  3  4  5  6  7  8  9 10 11 |
---------------+----------------------------------+-----
Long Blades    | 4 5 6 8 10 12 13 | 13.3
Dodging        | 4 5 6 |  6.1
Invocations    | 2 4 6 7 |  7.4
Fighting       | 3 4 |  4.5
Hexes          | 3 6 |  6.0
Charms         | 2 4 |  4.6
Necromancy     | 2 4 |  4.4
Spellcasting   | 1 2 |  2.2
Armour         | 1 |  1.2
Throwing       | |  1.5

Action                   |  1- 3 |  4- 6 |  7- 9 | 10-12 || total
-------------------------+-------+-------+-------+-------++-------
Melee: Long sword        |    11 |    60 |   344 |    13 ||   428
       Spear             |    96 |   169 |       |       ||   265
       Bite              |     7 |    23 |    50 |    50 ||   130
       Punch             |       |       |     4 |     8 ||    12
       Great sword       |       |       |    30 |       ||    30
       Headbutt          |       |       |    44 |    82 ||   126
       Scimitar          |       |       |       |   409 ||   409
       Rapier            |       |       |       |     4 ||     4
Throw: Throwing net      |     2 |     6 |       |       ||     8
Invok: Heroism           |       |     1 |    13 |    20 ||    34
       Finesse           |       |       |       |     3 ||     3
Evoke: Wand              |       |       |       |    10 ||    10
  Use: Potion            |     3 |     7 |     6 |    16 ||    32
       Scroll            |     2 |     8 |     7 |     6 ||    23
 Stab: Held in net/web   |     1 |     1 |       |       ||     2
       Sleeping          |       |       |       |     1 ||     1
  Eat: Corpse            |     7 |     4 |     9 |     4 ||    24
Armor: Leather armour    |    17 |       |       |       ||    17
       Ring mail         |    13 |    88 |    78 |    18 ||   197
       Troll hide        |       |       |     8 |    18 ||    26
Dodge: Dodged            |    63 |   176 |   228 |   197 ||   664
